 Dungeon Sprint DCSS version 0.28-a0-1510-gd0f6b136d3 (webtiles) character file.

Game seed: 17735149693507560723

1573 mhtbhm the Blocker (level 8, -5/83 HPs)
             Began as a Minotaur Fighter on Jan 15, 2022.
             Was a High Priest of Qazlal.
             Killed from afar by a lindwurm (31 damage)
             ... with a blast of flame
             ... in the Dungeon (Sprint VII: "The Pits").
             The game lasted 00:01:23 (785 turns).

mhtbhm the Blocker (Minotaur Fighter)                Turns: 785, Time: 00:01:25

Health: -5/83      AC: 15    Str: 23    XL:     8   Next: 59%
Magic:  7/7        EV:  9    Int:  5    God:    Qazlal [*****.]
Gold:   0          SH: 14    Dex: 10    Spells: 7/7 levels left

rFire   + . .      SeeInvis .   a - +1 hand axe (freeze)
rCold   . . .      Faith    .   c - +0 buckler
rNeg    . . .      Spirit   .   b - +3 chain mail
rPois   .          Reflect  .   (helmet restricted)
rElec   .          Harm     .   (no cloak)
rCorr   .          Rampage  .   (no gloves)
Will    .....      NoTele   +   (no boots)
Stlth   ..........              (no amulet)
HPRegen 0.23/turn               (no ring)
MPRegen 0.10/turn               (no ring)

@: protected from fire, repel missiles
A: horns 2, retaliatory headbutt
a: Renounce Religion, Upheaval, Elemental Force, Disaster Area


You were in the Dungeon.
You worshipped Qazlal.
Qazlal was extremely pleased with you.
You visited 1 branch

Inventory:

Hand Weapons
 a - a +1 hand axe of freezing (weapon)
Armour
 b - a +3 chain mail (worn)
 c - a +0 buckler (worn)
Scrolls
 j - a scroll of blinking
 l - 5 scrolls of amnesia
 m - a scroll of summoning
Potions
 d - a potion of might
 e - 6 potions of curing
 f - 4 potions of heal wounds
 g - a potion of haste
 h - 4 potions of magic
 i - 3 potions of berserk rage
 k - 2 potions of invisibility


   Skills:
 + Level 11.9 Fighting
 + Level 11.5 Axes
 + Level 11.8 Armour
 + Level 3.6 Dodging
 + Level 12.2 Shields


You had 7 spell levels left.
You didn't know any spells.
Your spell library was empty.

Dungeon Overview and Level Annotations

Branches:
Dungeon (1/1)

Altars:
Ashenzari
Cheibriados
Dithmenos
Elyvilon
Fedhas
Gozag
Hepliaklqana
Kikubaaqudgha
Makhleb
Nemelex Xobeh
Okawaru
Qazlal
Ru
Sif Muna
Trog
Uskayaw
Vehumet
Wu Jian
Xom
Yredelemnul
Zin
The Shining One
Beogh
Jiyva
Lugonu


Innate Abilities, Weirdness & Mutations

You have a pair of horns on your head.
You reflexively headbutt those who attack you in melee.


Message History

The lindwurm claws you but does no damage.
You slash the lindwurm! You freeze the lindwurm.
You headbutt the lindwurm, but do no damage.
The lindwurm is heavily wounded.
You block the lindwurm's attack.
The lindwurm claws you but does no damage. x2
You hit the lindwurm but do no damage.
You headbutt the lindwurm, but do no damage.
The lindwurm is heavily wounded.
The lindwurm breathes flames at you. The blast of flame hits you!!
You hit the lindwurm. You freeze the lindwurm.
The lindwurm is heavily wounded.
You hit the lindwurm. You freeze the lindwurm.
The lindwurm is severely wounded.
The lindwurm barely misses you. x2; You block the lindwurm's attack.
You hit the lindwurm but do no damage. You headbutt the lindwurm.
The lindwurm is severely wounded.
The lindwurm bites you but does no damage.
The lindwurm claws you.
You feel more protected from physical attacks.
You block the lindwurm's attack.
You barely miss the lindwurm.
The lindwurm is severely wounded.
You barely miss the lindwurm. You headbutt the lindwurm.
The lindwurm is severely wounded.
The lindwurm bites you! The lindwurm closely misses you.
The lindwurm claws you but does no damage.
You slash the lindwurm! You freeze the lindwurm.
The lindwurm is almost dead.
The lindwurm misses you.
The lindwurm claws you but does no damage.
The lindwurm barely misses you.
You hit the lindwurm but do no damage.
The lindwurm is almost dead.
The lindwurm breathes flames at you. The blast of flame hits you!!
Your resistance to physical damage fades away.
You feel protected from fire.
You die...

#.#.....#))##.......#
#.#.....#..##.......#
#.####)##'###...<...#
#.#........##.......#
#.#........##.......#
#'###########.......#
#†))....#..##########
#))†....#.## ###
#...#...#@# ...#
#..###..#k#....#
#...#...#.'..k.+
#.......#'#....#
#.......'.#....#
########### ####


You could see a lindwurm (catching breath).

Vanquished Creatures
  A death yak (D)
  Prince Ribbit (D)
  A wyvern (D)
  A floating eye (D)
  A sky beast (D)
  2 orc warriors (D)
  A kobold brigand (D)
  2 crimson imps (D)
  A quasit (D)
  An iguana (D)
  An orc wizard (D)
  A gnoll (D)
  An adder (D)
  3 river rats (D)
  5 orcs (D)
  An endoplasm (D)
  4 jackals (D)
  A ball python (D)
  A jackal zombie (D)
30 creatures vanquished.

Notes
Turn   | Place    | Note
-------+----------+-------------------------------------------
     0 | D        | mhtbhm the Minotaur Fighter began the quest for the Orb.
     0 | D        | Reached XP level 1. HP: 19/19 MP: 0/0
    15 | D        | Reached skill level 4 in Shields
    15 | D        | Reached XP level 2. HP: 16/28 MP: 1/1
    19 | D        | Found a bloodstained altar of Trog.
    19 | D        | Found a shimmering blue altar of Sif Muna.
    19 | D        | Found a viscous altar of Jiyva.
    19 | D        | Found a hazy altar of Hepliaklqana.
    19 | D        | Found an opulent altar of Gozag.
    20 | D        | Found a glowing golden altar of the Shining One.
    20 | D        | Found a glowing silver altar of Zin.
    20 | D        | Found a basalt altar of Yredelemnul.
    20 | D        | Found a shimmering altar of Xom.
    20 | D        | Found an ornate altar of the Wu Jian Council.
    20 | D        | Found a sacrificial altar of Ru.
    20 | D        | Found a stormy altar of Qazlal.
    20 | D        | Found an iron altar of Okawaru.
    20 | D        | Found a sparkling altar of Nemelex Xobeh.
    20 | D        | Found a burning altar of Makhleb.
    20 | D        | Found a blossoming altar of Fedhas.
    20 | D        | Found a white marble altar of Elyvilon.
    20 | D        | Found a shadowy altar of Dithmenos.
    20 | D        | Found a snail-covered altar of Cheibriados.
    22 | D        | Found a radiant altar of Vehumet.
    22 | D        | Found a corrupted altar of Lugonu.
    23 | D        | Found a hide-covered altar of Uskayaw.
    23 | D        | Found an ancient bone altar of Kikubaaqudgha.
    23 | D        | Found a broken altar of Ashenzari.
    27 | D        | Became a worshipper of Qazlal Stormbringer
   149 | D        | Noticed a floating eye
   151 | D        | Killed a floating eye
   152 | D        | Reached skill level 6 in Shields
   152 | D        | Reached XP level 3. HP: 39/39 MP: 2/2
   152 | D        | Reached XP level 4. HP: 47/47 MP: 3/3
   156 | D        | Reached skill level 7 in Shields
   265 | D        | Reached * piety under Qazlal
   271 | D        | Reached XP level 5. HP: 52/52 MP: 4/4
   283 | D        | Reached ** piety under Qazlal
   284 | D        | Reached skill level 5 in Axes
   284 | D        | Reached skill level 8 in Shields
   377 | D        | Noticed an orc warrior
   379 | D        | Noticed a sky beast
   381 | D        | Reached *** piety under Qazlal
   391 | D        | Killed an orc warrior
   392 | D        | Reached skill level 1 in Dodging
   392 | D        | Reached skill level 9 in Shields
   392 | D        | Reached XP level 6. HP: 59/64 MP: 5/5
   392 | D        | Reached **** piety under Qazlal
   402 | D        | Killed a sky beast
   402 | D        | Reached ***** piety under Qazlal
   403 | D        | Reached skill level 10 in Fighting
   403 | D        | Reached skill level 10 in Armour
   403 | D        | Reached skill level 10 in Shields
   408 | D        | Reached XP level 7. HP: 51/73 MP: 6/6
   519 | D        | Noticed a wyvern
   523 | D        | Killed a wyvern
   592 | D        | Noticed Prince Ribbit
   620 | D        | Killed Prince Ribbit
   621 | D        | Reached skill level 10 in Axes
   621 | D        | Reached skill level 11 in Shields
   621 | D        | Reached XP level 8. HP: 52/82 MP: 7/7
   751 | D        | Noticed a lindwurm
   751 | D        | Noticed a death yak
   774 | D        | Killed a death yak
   775 | D        | Reached skill level 12 in Shields
   785 | D        | Killed from afar by a lindwurm

Illustrated notes

Levels and vault maps discovered:
D:        pitsprint [storerooms_1, entrance_room_1, metal_vault_3, armoury_2,
          mini_pit_1, grid_room_1, main_hall_1, silver_pit, the_coven_2,
          the_vestibule_1, steel_vault_5, golden_pit, hallway_of_sentries,
          crystal_vault_2, iron_vault_4, final_vault]

Skill      XL: |  1  2  3  4  5  6  7  8 |
---------------+-------------------------+-----
Fighting       | 4 7 9 10 11 | 11.9
Armour         | 4 7 9 10 11 | 11.8
Shields        | 4 6 7 9 10 11 12 | 12.2
Axes           | 4 6 7 10 11 | 11.5
Dodging        | 1 2 3 |  3.6

Action                   |  1- 3 |  4- 6 |  7- 9 || total
-------------------------+-------+-------+-------++-------
Melee: War axe           |     2 |       |       ||     2
       Hand axe          |     2 |    49 |    58 ||   109
       Headbutt          |     1 |    10 |    14 ||    25
  Use: Potion            |       |       |     2 ||     2
Armor: Scale mail        |       |     6 |       ||     6
       Chain mail        |       |    66 |    13 ||    79
Dodge: Dodged            |       |    35 |    11 ||    46
Block: Buckler           |       |    32 |    21 ||    53

Table legend: (Time is in decaauts)
 A = Elapsed time spent in this place.
 B = Non-inter-level travel time spent in this place.
 C = Inter-level travel time spent in this place.
 D = Time resting spent in this place.
 E = Time spent auto-exploring this place.
 F = Levels seen in this place.
 G = Mean time per level.
                   A        B        C        D        E       F      G
               +--------+--------+--------+--------+--------+-----+--------+
         Total |    780 |    780 |      0 |    469 |     51 |   1 |  780.0 |
       Dungeon |    780 |    780 |      0 |    469 |     51 |   1 |  780.0 |
               +--------+--------+--------+--------+--------+-----+--------+

Top non-repeatable levels by time:
       D: 780 daAuts
